 Dungeon Crawl Stone Soup version 0.29-a0-819-g94b489e0ae (webtiles) character file.

Game seed: 17649144261673140693

6414 buhh the Martial Artist (level 10, -1/73 HPs)
             Began as an Octopode Transmuter on July 7, 2022.
             Was a Priest of Cheibriados.
             Slain by Jorgrun
             ... wielding a +0 vorpal quarterstaff
              (9 damage)
             ... while petrified by Jorgrun
             ... on level 13 of the Dungeon.
             The game lasted 00:24:50 (13238 turns).

buhh the Martial Artist (Octopode Transmuter)      Turns: 13238, Time: 00:24:51

Health: -1/73      AC:  1    Str: 18    XL:     10   Next: 98%
Magic:  13/13      EV:  2    Int: 34    God:    Cheibriados [***...]
Gold:   1150       SH:  0    Dex: 20    Spells: 3/13 levels left

rFire   + . .      SeeInvis .     - Unarmed
rCold   + . .      Faith    .   (no shield)
rNeg    + + +      Spirit   .   (helmet restricted)
rPois   ∞          Reflect  .   i - amulet of magic regeneration
rElec   .          Harm     .   f - ring of resist corrosion
rCorr   +          Rampage  .   o - ring of willpower
Will    +....                   u - +6 ring of intelligence
Stlth   ++++......              y - ring of Tidi Ava {Fly rF+ rC+ rN+}
HPRegen 0.22/turn               (no ring)
MPRegen 0.53/turn               (no ring)
                                (no ring)
                                (no ring)

@: petrified, flying, invisible, very slow
A: almost no armour, amphibious, 8 rings, camouflage 1, gelatinous body 1,
(nimble swimmer 1), tentacles
a: Renounce Religion, Bend Time, Temporal Distortion


You were on level 13 of the Dungeon.
You worshipped Cheibriados.
Cheibriados was most pleased with you.
You visited 2 branches of the dungeon, and saw 13 of its levels.

You collected 1150 gold pieces.

Inventory:

Missiles
 e - a throwing net
 v - 16 poisoned darts
 C - a curare-tipped dart
Jewellery
 f - a ring of resist corrosion (left tentacle)
 i - an amulet of magic regeneration (around mantle)
 o - a ring of willpower (right tentacle)
 u - a +6 ring of intelligence (on tentacle)
 x - a ring of willpower
 y - the ring of Tidi Ava (on tentacle) {Fly rF+ rC+ rN+}
   (You found it on level 5 of the Dungeon)

   [ring of protection from cold]

   rF:        It protects you from fire.
   rC:        It protects you from cold.
   rN:        It protects you from negative energy.
   Fly:       It grants you flight.
Wands
 B - a wand of digging (6)
Scrolls
 a - 2 scrolls of fog
 b - 2 scrolls of noise {unknown}
 g - 2 scrolls of teleportation {!d}
 k - 2 scrolls of enchant armour
 p - 2 scrolls of fear {unknown}
 s - a scroll of acquirement
 t - 3 scrolls of identify {!d}
 w - a scroll of brand weapon {unknown}
Potions
 c - a potion of flight
 d - a potion of degeneration
 j - a potion of berserk rage {!q}
 l - a potion of haste {!q!d}
 n - 3 potions of attraction
 q - 3 potions of mutation {!d}
 A - a potion of cancellation {!q!d}
 D - 2 potions of heal wounds {unknown}


   Skills:
 * Level 8.6 Fighting
 * Level 8.6 Dodging
 - Level 3.0 Stealth
 * Level 8.6 Unarmed Combat
 - Level 2.0 Spellcasting
 - Level 5.0 Transmutations
 - Level 5.0 Ice Magic
 - Level 2.0 Poison Magic


You had 3 spell levels left.
You knew the following spells:

 Your Spells              Type           Power      Damage    Failure   Level
a - Beastly Appendage     Tmut           74%        N/A       1%          1
b - Wereblood             Tmut           37%        N/A       1%          2
c - Spider Form           Tmut/Pois      27%        N/A       4%          3
d - Ice Form              Ice/Tmut       37%        N/A       8%          4

Your spell library contained the following spells:

 Spells                   Type           Power      Damage    Failure   Level
 Magic Dart               Conj           12%        1d3       6%          1
 Call Imp                 Summ           3%         N/A       9%          2
 Mephitic Cloud           Conj/Pois/Air  7%         N/A       14%         3
 Dazzling Flash           Conj/Hex       6%         N/A       19%         3
 Tukima's Dance           Hex            3%         N/A       19%         3
 Iskenderun's Mystic Bla  Conj/Tloc      3%         2d3       52%         4
 Passage of Golubria      Tloc           3%         N/A       52%         4
 Yara's Violent Unravell  Hex/Tmut       10%        3d6       52%         5
 Starburst                Conj/Fire      1%         6d3       100%        6


Dungeon Overview and Level Annotations

Branches:
Dungeon (13/15) Zot: 40401  Temple (1/1) D:5 Zot: 8538
   Lair: D:8-11         Orc: D:9-12      Vaults: D:13-14

Altars:
Ashenzari
Cheibriados
Dithmenos
Elyvilon
Fedhas
Gozag
Kikubaaqudgha
Makhleb
Nemelex Xobeh
Okawaru
Qazlal
Ru
Sif Muna
Trog
Uskayaw
Vehumet
Wu Jian
Xom
Yredelemnul
Zin
The Shining One

Shops:
D:3 =   D:4 (   D:13 *

Annotations:
D:2 1 runed translucent door, Crazy Yiuf
D:8 Gastronok, Psyche
D:9 exclusion: two-headed ogre
D:13 Jorgrun, Rupert


Innate Abilities, Weirdness & Mutations

You cannot wear most types of armour.
You are amphibious.
You can wear up to eight rings at the same time.
Your skin changes colour to match your surroundings (Stealth+).
Your rubbery body absorbs attacks. (AC +1, EV +1)
((You are camouflaged when in or above water. (Stealth+)))
You have tentacles for arms and can constrict up to eight enemies at once.


Message History

You smack the manticore!
You kill the manticore!
Cheibriados appreciates the change of pace.
You start resting.
Rupert the Wild comes into view.
He is wielding a +2 vorpal battleaxe.
Rupert is nearby!
You carefully extract the barbed spikes from your body.
Rupert is engulfed in poison gas.
Rupert is poisoned.
You start resting.
Jorgrun Earthshaker comes into view.
He is wielding a +0 vorpal quarterstaff and wearing a +1 robe of positive energy.
Okay, then.
Jorgrun shouts!
Really quaff
F - a potion of invisibility {!q!d}?
You fade into invisibility!
Jorgrun gestures at the rock wall while chanting.
The wall shatters!
The blast of rock fragments hits you but does no damage.
You hear a shout!
You hear a horrible gurgling sound!
Your transformation is almost over.
Jorgrun says, "I've ne'er se'n tha particular type o' rock formation 'fore."
Jorgrun casts a spell at you.
You are slowing down.
Your limbs are stiffening.
You hit Jorgrun.
Jorgrun is lightly wounded.
Jorgrun points at you and mumbles some strange words.
You resist with some effort.
Jorgrun hits you with a +0 vorpal quarterstaff.
* * * LOW HITPOINT WARNING * * *
You have turned to stone.
Jorgrun casts a spell at you. The iron shot hits you.
* * * LOW HITPOINT WARNING * * *
Jorgrun hits you but does no damage.
You feel less wooden.
Jorgrun hits you with a +0 vorpal quarterstaff!!
* * * LOW HITPOINT WARNING * * *
x2 Jorgrun hits you with a +0 vorpal quarterstaff!!
You die...

###,,,,....,* *,******,* *,,
..#,,,,.....* *.#,.,,,,*****,,
..#,,,,.....* ###.#.#*,,,,,,,,,,
..#,,,,.....####.#.#.##.,,,,,,,,,
..#,,,,.................,,,,,,,,,
..#,,,,,,...<...........,,,,,,,,,
..#********#............,,,,,,,,,
..# #...........#****,,,,* ..#
#....@g.....# *,,,,* .##
#######.#<### *,,,,, .# *,,,,,#**
****,,,, ## *,,,,,*******,,,,,,,
*,,,,,,,,,,,,,,****, ********
*,,,,,,,,,,,,,,*,**, ,,,,,,,*
*,,,,,,,,,,,,,,*,,,, ,,,,,,,*
*,,,,,,,,,,,,,,*,,,, ,,,,,,,*
****,,,,,,,,,,,,,,,,


You could see Jorgrun (unable to see you).

Vanquished Creatures
  An ugly thing (D:12)
  A manticore (D:13)
  A komodo dragon (D:12)
  A troll (D:10)
  Prince Ribbit (D:7)
  A shadow (D:9)
  A wraith (D:9)
  3 yaks (D:9)
  A vampire (D:10)
  A wyvern (D:9)
  3 steam dragons
  3 vampire mosquitoes (D:8)
  2 water moccasins
  2 ice beasts
  4 orc warriors
  A black bear (D:5)
  A sky beast (D:7)
  4 ogres
  2 centaurs (D:9)
  2 phantoms
  A kobold brigand (D:6)
  2 bullfrogs
  2 scorpions (D:5)
  7 wights
  4 howler monkeys
  4 hounds
  2 gnoll boudas
  2 jellies
  4 orc priests
  An iguana (D:6)
  6 orc wizards
  10 gnolls
  3 adders
  A white imp (D:7)
  2 ufetubi (D:5)
  A worm (D:2)
  4 dart slugs
  28 orcs
  3 ball pythons
  6 bats (D:1)
  7 endoplasms
  3 giant cockroaches (D:1)
  5 goblins
  6 hobgoblins
  7 kobolds
  5 quokkas
  3 training dummies (D:4)
  3 frilled lizards
  4 rats
172 creatures vanquished.

Notes
Turn   | Place    | Note
-------+----------+-------------------------------------------
     0 | D:1      | buhh the Octopode Transmuter began the quest for the Orb.
     0 | D:1      | Reached XP level 1. HP: 13/13 MP: 3/3
    41 | D:1      | Reached XP level 2. HP: 6/18 MP: 5/5
   844 | D:1      | Reached XP level 3. HP: 19/23 MP: 4/6
  1005 | D:1      | Found a faded altar of an unknown god.
  2153 | D:2      | Found a runed translucent door.
  2154 | D:2      | Noticed Crazy Yiuf
  2481 | D:3      | Reached XP level 4. HP: 26/28 MP: 7/7
  2949 | D:3      | Learned a level 2 spell: Wereblood
  2953 | D:3      | Learned a level 3 spell: Spider Form
  3548 | D:3      | Found Qigri's Jewellery Boutique.
  3744 | D:4      | Found Baxzev's Firing Range.
  3861 | D:4      | Found a white marble altar of Elyvilon.
  4072 | D:4      | Reached XP level 5. HP: 32/34 MP: 8/8
  4776 | D:5      | Entered Level 5 of the Dungeon
  4801 | D:5      | Noticed a phantom
  4815 | D:5      | Killed a phantom
  5009 | D:5      | Found a staircase to the Ecumenical Temple.
  5012 | D:5      | Noticed an ogre
  5018 | D:5      | Noticed a water moccasin
  5032 | D:5      | Killed a water moccasin
  5033 | D:5      | Reached XP level 6. HP: 41/41 MP: 9/9
  5039 | D:5      | Reached skill level 5 in Unarmed Combat
  5039 | D:5      | Noticed a black bear
  5049 | D:5      | Killed a black bear
  5050 | D:5      | Reached XP level 7. HP: 46/46 MP: 10/10
  5364 | Temple   | Entered the Ecumenical Temple
  5659 | Temple   | Became a worshipper of Cheibriados the Contemplative
  5862 | D:5      | Identified the ring of Tidi Ava {Fly rF+ rC+ rN+}
  6035 | D:6      | Reached XP level 8. HP: 54/54 MP: 11/11
  6992 | D:6      | Reached skill level 5 in Dodging
  7017 | D:6      | Reached * piety under Cheibriados
  7521 | D:7      | Noticed Prince Ribbit
  8129 | D:6      | Identified a scroll of acquirement
  8129 | D:6      | Acquired 654 gold pieces
  8280 | D:7      | Reached skill level 5 in Fighting
  8280 | D:7      | Reached XP level 9. HP: 54/61 MP: 12/12
  8483 | D:7      | Learned a level 4 spell: Ice Form
  8505 | D:7      | Reached skill level 8 in Unarmed Combat
  8527 | D:7      | Killed Prince Ribbit
  8771 | D:7      | Reached ** piety under Cheibriados
  9748 | D:8      | Noticed Gastronok
  9850 | D:8      | Reached skill level 5 in Transmutations
 10172 | D:8      | Reached skill level 5 in Ice Magic
 10172 | D:8      | Reached XP level 10. HP: 48/69 MP: 13/13
 10978 | D:8      | Noticed Psyche
 11536 | D:9      | Reached *** piety under Cheibriados
 11897 | D:9      | Noticed a two-headed ogre
 11944 | D:9      | Found an ornate altar of the Wu Jian Council.
 12294 | D:9      | Reached skill level 8 in Fighting
 12294 | D:9      | Reached skill level 8 in Dodging
 12648 | D:10     | Entered Level 10 of the Dungeon
 13106 | D:10     | You are sucked into a shaft and drop 3 floors!
 13116 | D:13     | Found Tetsuz's Assorted Antiques.
 13147 | D:13     | Noticed a manticore
 13164 | D:12     | Noticed a brown ugly thing
 13176 | D:12     | Killed a brown ugly thing
 13184 | D:12     | Noticed a seven-headed hydra
 13203 | D:13     | Noticed a manticore
 13212 | D:13     | Killed a manticore
 13215 | D:13     | Noticed Rupert
 13225 | D:13     | Noticed Jorgrun
 13238 | D:13     | Slain by Jorgrun

Illustrated notes

Levels and vault maps discovered:
D:1:      minmay_arrival_four_circles, layout_basic,
          dreamdust_ecumenical_altar_angels_and_demons
D:2:      layout_loops_corners, uniq_crazy_yiuf_cottage
D:3:      layout_loops_cross, serial_shops, nicolae_lakefront_shop
D:4:      layout_loops_corners, elyvilon_altar_5, nicolae_shop_firing_range
D:5:      layout_basic, minmay_temple_entry_glass
D:6:      layout_cave_pools, serial_co_window_serial,
          co_window_of_opportunity_a, co_window_of_opportunity_a,
          co_window_of_opportunity_a, co_window_corner_a, co_window_paths_a,
          co_window_unsneaky_path_d, co_window_broadway_b, co_window_corner_ca,
          co_window_4corner_a, co_window_sun, glass_columns_a
D:7:      layout_rooms, minmay_between, uniq_prince_ribbit1
D:8:      layout_basic, uniq_psyche, uniq_gastronok
D:9:      layout_loops_ring, mainiacjoe_overflow_tiny_flanked
D:10:     layout_basic, kennysheep_orc_monster_closet_entryway
D:12:     layout_cave_pools, chequers_garden, wad_rectangle_vault
D:13:     layout_basic, serial_shops, nicolae_shop_overgrown_old_shop,
          uniq_jorgrun, uniq_rupert
Temple:   nicolae_temple_bog_church

Skill      XL: |  1  2  3  4  5  6  7  8  9 10 |
---------------+-------------------------------+-----
Stealth        | 1 2 3 |  3.0
Poison Magic   | 1 2 |  2.0
Unarmed Combat | 4 5 6 7 8 |  8.6
Fighting       | 2 3 4 5 6 8 |  8.6
Dodging        | 3 4 5 6 8 |  8.6
Ice Magic      | 2 5 |  5.0
Transmutations | 3 5 |  5.0
Spellcasting   | |  2.0

Action                   |  1- 3 |  4- 6 |  7- 9 | 10-12 || total
-------------------------+-------+-------+-------+-------++-------
Melee: Unarmed           |    83 |    74 |   264 |   133 ||   554
       Kick              |    22 |    15 |     1 |       ||    38
       Constrict         |    24 |    10 |     6 |     3 ||    43
       Tentacles         |    15 |     6 |     5 |     1 ||    27
       Punch             |       |     1 |     1 |     2 ||     4
Throw: Dart              |       |     2 |       |       ||     2
       Throwing net      |       |     1 |     1 |       ||     2
 Cast: Beastly Appendage |    23 |    15 |     3 |       ||    41
       Spider Form       |       |     1 |    29 |     9 ||    39
       Wereblood         |       |     1 |     2 |       ||     3
       Ice Form          |       |       |     7 |    11 ||    18
 Abil: End Transformatio |       |       |     1 |       ||     1
Evoke: Wand              |       |       |       |     4 ||     4
  Use: Scroll            |       |     2 |    21 |     9 ||    32
       Potion            |       |     1 |     7 |     6 ||    14
 Stab: Sleeping          |     7 |     4 |     7 |       ||    18
       Invisible         |       |       |     1 |       ||     1
       Distracted        |       |       |       |     1 ||     1
Armor: Skin              |     7 |    13 |    12 |    22 ||    54
Dodge: Dodged            |    52 |    24 |   192 |   116 ||   384

Table legend: (Time is in decaauts)
 A = Elapsed time spent in this place.
 B = Non-inter-level travel time spent in this place.
 C = Inter-level travel time spent in this place.
 D = Time resting spent in this place.
 E = Time spent auto-exploring this place.
 F = Levels seen in this place.
 G = Mean time per level.
                   A        B        C        D        E       F      G
               +--------+--------+--------+--------+--------+-----+--------+
         Total |  14649 |  14025 |    624 |   3431 |   8056 |  13 | 1126.8 |
       Dungeon |  14335 |  13730 |    605 |   3204 |   8012 |  12 | 1194.6 |
        Temple |    314 |    296 |     18 |    227 |     44 |   1 |  314.0 |
               +--------+--------+--------+--------+--------+-----+--------+

Top non-repeatable levels by time:
     D:6: 2284 daAuts
     D:9: 1914 daAuts
     D:7: 1704 daAuts
     D:8: 1653 daAuts
     D:1: 1337 daAuts
     D:2: 1318 daAuts
     D:5: 1279 daAuts
     D:4: 1183 daAuts
     D:3: 926 daAuts
    D:10: 566 daAuts
  Temple: 314 daAuts
    D:13: 123 daAuts
    D:12: 42 daAuts
